 Dungeon Crawl Stone Soup version 0.31-a0-1183-gd88bbb8b4d (webtiles) character file.

Game seed: 3725171043435901135

6873 qw the Skirmisher (level 11, -8/69 HPs)
             Began as a Gargoyle Hunter on Dec 11, 2023.
             Was an Elder of Okawaru.
             Mangled by a neqoxec (10 damage)
             ... summoned by an obsidian statue
             ... in a Gauntlet.
             The game lasted 00:03:11 (7670 turns).

qw the Skirmisher (Gargoyle Hunter)                 Turns: 7670, Time: 00:03:12

Health: -8/69      AC: 21    Str: 15    XL:     11   Next: 6%
Magic:  3/14       EV: 18    Int: 10    God:    Okawaru [****..]
Gold:   405        SH:  5    Dex: 23    Spells: 10/10 levels left

rFire   . . .        f - +7 orcbow (flame)
rCold   . . .        (shield currently unavailable)
rNeg    + . .        g - +0 ring mail
rPois   inf          j - +2 helmet
rElec   +            i - +0 cloak
rCorr   .            (no gloves)
SInv    .            k - +2 pair of boots
Will    .....        l - amulet of reflection
Stlth   ++           b - +6 ring of dexterity
HPRegen 0.31/turn    c - ring of Tempters {rPois EV+5}
MPRegen 0.14/turn

%: no teleportation, reflection
@: mesmerised
A: sickness immunity, AC +8, negative energy resistance 1, electricity
resistance, torment resistance 1, petrification resistance
a: Renounce Religion, Heroism, Finesse


You were in a Gauntlet.
You worshipped Okawaru.
Okawaru was greatly pleased with you.
You visited 2 branches of the dungeon, and saw 9 of its levels.
You also visited: Ossuary and Gauntlet.

You collected 435 gold pieces.
You spent 30 gold pieces at shops.


Innate Abilities, Weirdness & Mutations

You are immune to sickness and miasma.
Your stone body is resilient. (AC +8)
You are immune to poison.
You resist negative energy. (rN+)
You are resistant to electric shocks. (rElec)
You are resistant to unholy torment.
You are immune to petrification.


   Skills:
 + Level 8.8 Fighting
 - Level 13.0 Ranged Weapons
 - Level 4.3 Armour
 - Level 4.1 Dodging
 - Level 1.1 Stealth
 + Level 5.1 Invocations


You had 10 spell levels left.
You didn't know any spells.
Your spell library was empty.

Inventory:

Hand Weapons
 f - a +7 orcbow of flaming (weapon)
Armour
 g - a +0 ring mail (worn)
 i - a +0 cloak (worn)
 j - a +2 helmet (worn)
 k - a +2 pair of boots (worn)
Jewellery
 b - a +6 ring of dexterity (left hand)
 c - the ring of Tempters (right hand) {rPois EV+5}
   (You acquired it on level 8 of the Dungeon)

   [ring of evasion]

   EV+5:      It affects your evasion (+5).
   rPois:     It protects you from poison
 l - an amulet of reflection (around neck)
Wands
 n - a wand of paralysis (7)
Scrolls
 e - a scroll of teleportation
 p - 3 scrolls of identify
Potions
 a - a potion of magic
 d - 3 potions of haste
 h - 4 potions of curing
 m - a potion of mutation
 o - a potion of resistance

Dungeon Overview and Level Annotations

Branches:
Dungeon (8/15)             Temple (0/1) D:7            Lair (1/5) D:8
Ossuary (visited)         Gauntlet (1/1)

Altars:
Dithmenos
Makhleb
Okawaru
Qazlal
Trog
Zin

Shops:
D:2 !

Annotations:
Gauntlet 9 transporters, 21 runed translucent doors


Message History

You shoot an arrow. The arrow hits the neqoxec!
The arrow burns the neqoxec.
The neqoxec is heavily wounded.
The crimson imp blinks!
The crimson imp shouts, "Get thee gone, thou paunchy motley-minded deadneck!"
The crimson imp hits you but does no damage.
The neqoxec hits you!
You shoot an arrow.
The arrow completely misses the neqoxec.
You block the orange demon's attack.
The crimson imp blinks!
The crimson imp drops a net on you.
You avoid being caught in a net.
The iron imp completely misses you.
The crimson imp hits you but does no damage.
The neqoxec misses you.
You shoot an arrow. The arrow hits the neqoxec.
The arrow burns the neqoxec.
The neqoxec is heavily wounded.
The orange demon barely misses you. The crimson imp completely misses you.
The iron imp hits you but does no damage.
The obsidian statue's eyes glow briefly.
The obsidian statue draws you further into its thrall.
The neqoxec gestures at you. Something gnaws on your mind!
You feel your power leaking away.
You shoot an arrow. The arrow barely misses the neqoxec.
Your attacks no longer feel as feeble.
The orange demon completely misses you.
The crimson imp sputters.
The crimson imp hits you but does no damage.
The iron imp barely misses you.
You shoot an arrow. The arrow closely misses the neqoxec.
The neqoxec hits you but does no damage.
The orange demon completely misses you.
The crimson imp hits you but does no damage.
You block the crimson imp's attack.
You shoot an arrow. The arrow closely misses the neqoxec.
You block the neqoxec's attack. The iron imp misses you.
The orange demon stings you but does no damage.
The crimson imp barely misses you.
The crimson imp blinks!
7670 ||| Stepping ~*~*~tactically~*~*~ (retreating).
The neqoxec hits you!
You die...

#8#.....#.^.#....~....#.^.#
###...8.#...#...~8~...#...#
#.....#.^.#....~....#.^.#
###..###########...########
#8#..#..|.^!=..#...#BBZ}^[?
###..#..^.8....#...#Z......
#..#.........#...#..#+++#
###..#.^5..4...#...#++#...#
#8#..#...3@5...#...#..+...+
###..#...5.....#...#..+...+
#..#^........#...#++#+#+#
###..#.........#...#..+...+
#8#..#.........#...#..+.^.+
###..###########¤¤.########
#.....#.^.#....¤....#.^.#
###...8.#...#...~8~...#...#
#8#.....#.^.#....¤....#.^.#


You could see an obsidian statue (mesmerising), an orange demon (summoned), a
neqoxec (summoned), an iron imp (summoned) and 2 crimson imps.

Vanquished Creatures
  Pikel (D:5)
  Maurice (D:8)
  A black mamba (Lair:1)
  A cane toad (Lair:1)
  A rime drake (Lair:1)
  A komodo dragon (D:8)
  A queen bee (Gauntlet)
  A wyvern (Lair:1)
  9 yaks (Lair:1)
  A steam dragon (D:8)
  2 water moccasins
  A black bear (D:6)
  2 ogres
  2 ice beasts
  2 centaurs (D:8)
  A phantom (D:4)
  2 lemures (D:5)
  Blork the orc (D:6)
  5 bullfrogs
  3 scorpions
  10 wights
  5 killer bees (Gauntlet)
  2 electric eels (D:8)
  5 hounds
  4 jellies
  A gnoll bouda (D:5)
  2 orc priests
  3 iguanas
  4 orc wizards
  3 gnolls (D:5)
  17 adders
  A shadow imp (D:8)
  3 white imps
  4 ufetubi
  2 dart slugs
  21 orcs
  10 ball pythons
  2 bats (D:2)
  5 endoplasms
  4 goblins
  3 hobgoblins
  2 quokkas
  A frilled lizard (D:2)
  10 hobgoblin zombies (Ossuary)
  7 kobolds
  6 kobold zombies (Ossuary)
  4 orc zombies (Ossuary)
  8 rats
188 creatures vanquished.

Notes
Turn   | Place    | Note
-------+----------+-------------------------------------------
     0 | D:1      | qw the Gargoyle Hunter began the quest for the Orb.
     0 | D:1      | Reached XP level 1. HP: 12/12 MP: 1/1
     0 | D:1      | 0 ||| qw: Version: 0.3-a-106-g2cfff9e
     0 | D:1      | 0 ||| qw: Game counter: 2103
     0 | D:1      | 0 ||| qw: Melee chars always use a shield: true
     0 | D:1      | 0 ||| qw: God list: Okawaru
     0 | D:1      | 0 ||| qw: Allow faded altars: false
     0 | D:1      | 0 ||| qw: Do Orc after clearing Dungeon:15 true
     0 | D:1      | 0 ||| qw: Do second Lair branch before Depths: true
     0 | D:1      | 0 ||| qw: Lair rune preference: random
     0 | D:1      | 0 ||| qw: Goals: Normal, Save, Zot:1-4, Win
     0 | D:1      | 0 ||| PLANNING D:1-11
   112 | D:1      | Reached XP level 2. HP: 17/17 MP: 2/2
   722 | D:1      | 722 ||| DROPPING ring of wizardry.
   723 | D:1      | 723 ||| READING scroll labelled CUWYCO VUZOVIZU.
   723 | D:1      | 723 ||| IDENTIFYING purple potion
   724 | D:1      | 724 ||| READING scroll labelled VATTAMN EHOENUR.
   825 | D:1      | 825 ||| READING scroll labelled WABIRO KAGI.
   825 | D:1      | 825 ||| ENCHANTING +0 shortbow.
   826 | D:1      | 826 ||| DROPPING scroll of butterflies.
   892 | D:2      | Found Ezxua's Distillery.
   912 | D:2      | 912 ||| BUYING potion of curing (30 gold).
   912 | D:2      | Bought a potion of curing for 30 gold pieces
   912 | D:2      | 912 ||| SHOPLISTING potion of curing (30 gold, have 15).
   912 | D:2      | 912 ||| SHOPLISTING potion of enlightenment (50 gold, have
                  | 15).
   912 | D:2      | 912 ||| SHOPLISTING potion of haste (100 gold, have 15).
   916 | D:2      | Reached XP level 3. HP: 21/21 MP: 3/3
  1016 | D:2      | Reached skill level 5 in Ranged Weapons
  1027 | D:2      | 1027 ||| READING scroll of enchant weapon.
  1027 | D:2      | 1027 ||| ENCHANTING +1 shortbow.
  1176 | D:2      | 1176 ||| UPGRADING to +0 ring mail.
  1186 | D:2      | 1186 ||| DROPPING +0 leather armour.
  1187 | D:2      | 1187 ||| READING 2 scrolls of identify.
  1187 | D:2      | 1187 ||| IDENTIFYING bubbling red potion
  1188 | D:2      | 1188 ||| READING scroll of identify.
  1188 | D:2      | 1188 ||| IDENTIFYING glowing pink potion
  1189 | D:2      | 1189 ||| READING scroll labelled MAEKHIBA ULAIKH.
  1190 | D:2      | 1190 ||| READING scroll labelled VUTHYNEHIUSE.
  1191 | D:2      | 1191 ||| READING scroll labelled QOSASI MU ERUTE.
  1192 | D:2      | 1192 ||| DROPPING potion of lignification.
  1193 | D:2      | 1193 ||| DROPPING potion of brilliance.
  1241 | D:3      | Reached skill level 1 in Armour
  1241 | D:3      | Reached XP level 4. HP: 27/27 MP: 4/4
  1296 | D:3      | Reached skill level 3 in Fighting
  1643 | D:3      | Found a bloodstained altar of Trog.
  1781 | D:3      | Reached XP level 5. HP: 31/32 MP: 5/5
  1784 | D:3      | Found a stormy altar of Qazlal.
  2029 | D:3      | 2029 ||| READING 2 scrolls of identify.
  2029 | D:3      | 2029 ||| IDENTIFYING blue potion
  2030 | D:3      | 2030 ||| READING scroll of identify.
  2030 | D:3      | 2030 ||| IDENTIFYING metallic white potion
  2031 | D:3      | 2031 ||| READING scroll labelled XIR XIPPAIWA.
  2034 | D:3      | 2034 ||| READING scroll labelled RISKAI LURIX.
  2035 | D:3      | 2035 ||| DROPPING potion of degeneration.
  2044 | D:4      | 2044 ||| PLANNING OSSUARY
  2048 | D:4      | Reached skill level 6 in Ranged Weapons
  2292 | D:4      | Reached XP level 6. HP: 38/38 MP: 6/6
  2466 | D:4      | Found a sand-covered staircase.
  2467 | D:4      | 2467 ||| UPGRADING to +6 ring of dexterity.
  2475 | Ossuary  | Entered an ossuary
  2588 | D:4      | 2588 ||| PLANNING D:1-11
  3315 | D:4      | Reached skill level 7 in Ranged Weapons
  3352 | D:4      | 3352 ||| UPGRADING to +2 helmet.
  3357 | D:4      | 3357 ||| UPGRADING to amulet of reflection.
  3362 | D:4      | 3362 ||| READING 2 scrolls of identify.
  3362 | D:4      | 3362 ||| IDENTIFYING sedimented yellow potion
  3363 | D:4      | 3363 ||| READING scroll of identify.
  3363 | D:4      | 3363 ||| IDENTIFYING yellow potion
  3364 | D:4      | 3364 ||| READING scroll labelled GEOPHES ZIM.
  3365 | D:4      | 3365 ||| DROPPING potion of attraction.
  3443 | D:5      | Entered Level 5 of the Dungeon
  3450 | D:5      | 3450 ||| STAIRDANCE
  3500 | D:5      | Reached XP level 7. HP: 25/43 MP: 7/7
  3971 | D:5      | Reached skill level 8 in Ranged Weapons
  4152 | D:5      | Noticed Pikel
  4175 | D:5      | HP: 10/44 [Pikel/+1 whip of freezing (3)]
  4176 | D:5      | 4176 ||| READING scroll of teleportation.
  4177 | D:5      | 4177 ||| DRINKING potion of heal wounds.
  4415 | D:5      | 4415 ||| Stepping ~*~*~tactically~*~*~ (retreating).
  4433 | D:5      | Killed Pikel
  4434 | D:5      | Reached XP level 8. HP: 32/53 MP: 8/8
  4515 | D:5      | 4515 ||| UPGRADING to +2 pair of boots.
  4520 | D:5      | 4520 ||| READING 2 scrolls of identify.
  4520 | D:5      | 4520 ||| IDENTIFYING lumpy white potion
  4521 | D:5      | 4521 ||| READING scroll of identify.
  4521 | D:5      | 4521 ||| IDENTIFYING scroll labelled PERUMN BESSISH
  4522 | D:5      | 4522 ||| READING scroll labelled JAUFAL TAGO.
  4522 | D:5      | Identified a scroll of acquirement
  4522 | D:5      | 4522 ||| 4522 ||| Offered +6 orcbow of flaming
  4522 | D:5      | 4522 ||| 4522 ||| Offered staff of earth
  4522 | D:5      | 4522 ||| 4522 ||| Offered orb of wrath
  4522 | D:5      | 4522 ||| 4522 ||| Offered 686 gold pieces
  4522 | D:5      | 4522 ||| ACQUIRING +6 orcbow of flaming
  4522 | D:5      | Acquired a +6 orcbow of flaming
  4524 | D:5      | 4524 ||| SWAPPING to +6 orcbow of flaming.
  4525 | D:5      | 4525 ||| DROPPING +2 shortbow.
  4526 | D:5      | 4526 ||| DROPPING scroll of vulnerability.
  4750 | D:6      | Found a shadowy altar of Dithmenos.
  4832 | D:6      | Noticed Blork the orc
  4836 | D:6      | Killed Blork the orc
  4840 | D:6      | Reached skill level 9 in Ranged Weapons
  4922 | D:6      | Found a glowing silver altar of Zin.
  4948 | D:6      | Reached skill level 3 in Dodging
  4948 | D:6      | Reached XP level 9. HP: 57/57 MP: 9/9
  4957 | D:6      | Found an iron altar of Okawaru.
  4958 | D:6      | 4958 ||| PLANNING OKAWARU WORSHIP
  4962 | D:6      | Became a worshipper of Warmaster Okawaru
  4963 | D:6      | 4963 ||| PLANNING D:1-11
  5243 | D:6      | 5243 ||| UPGRADING to ring of see invisible.
  5244 | D:6      | 5244 ||| READING scroll of identify.
  5244 | D:6      | 5244 ||| IDENTIFYING ruby potion
  5362 | D:7      | Found a staircase to the Ecumenical Temple.
  5428 | D:7      | 5428 ||| READING scroll of enchant weapon.
  5428 | D:7      | 5428 ||| ENCHANTING +6 orcbow of flaming.
  5573 | D:7      | 5573 ||| RETREEAATING.
  5575 | D:7      | 5575 ||| RETREEAATING.
  5577 | D:7      | 5577 ||| Stepping ~*~*~tactically~*~*~ (retreating).
  5605 | D:7      | Reached skill level 10 in Ranged Weapons
  5630 | D:7      | Reached skill level 3 in Armour
  5765 | D:7      | Found a burning altar of Makhleb.
  5970 | D:7      | Reached * piety under Okawaru
  6085 | D:7      | 6085 ||| DROPPING ring of ice.
  6086 | D:7      | 6086 ||| DROPPING ring of flight.
  6148 | D:8      | Reached skill level 1 in Invocations
  6190 | D:8      | 6190 ||| READING scroll of acquirement.
  6190 | D:8      | 6190 ||| 6190 ||| Offered +2 lajatang of the Lesser Evil
                  | {freeze, rF+ Will+}
  6190 | D:8      | 6190 ||| 6190 ||| Offered manual of Short Blades
  6190 | D:8      | 6190 ||| 6190 ||| Offered ring of Tempters {rPois EV+5}
  6190 | D:8      | 6190 ||| 6190 ||| Offered 890 gold pieces
  6190 | D:8      | 6190 ||| ACQUIRING ring of Tempters {rPois EV+5}
  6190 | D:8      | Acquired the ring of Tempters {rPois EV+5}
  6192 | D:8      | 6192 ||| UPGRADING to ring of Tempters {rPois EV+5}.
  6212 | D:8      | 6212 ||| FLEEEEING.
  6213 | D:8      | 6213 ||| FLEEEEING.
  6214 | D:8      | 6214 ||| FLEEEEING.
  6215 | D:8      | 6215 ||| FLEEEEING.
  6216 | D:8      | 6216 ||| FLEEEEING.
  6223 | D:8      | 6223 ||| FLEEEEING.
  6382 | D:8      | Found a staircase to the Lair.
  6387 | D:8      | Noticed a komodo dragon
  6393 | D:8      | 6393 ||| DROPPING +4 ring of protection.
  6399 | D:8      | Killed a komodo dragon
  6400 | D:8      | Reached skill level 3 in Invocations
  6501 | D:8      | 6501 ||| FLEEEEING.
  6502 | D:8      | 6502 ||| FLEEEEING.
  6507 | D:8      | 6507 ||| STAIRDANCE
  6509 | D:7      | 6509 ||| DROPPING ring of see invisible.
  6513 | D:8      | Reached skill level 11 in Ranged Weapons
  6594 | D:8      | Reached ** piety under Okawaru
  6595 | D:8      | Reached XP level 10. HP: 63/63 MP: 13/13
  6598 | D:8      | 6598 ||| Stepping ~*~*~tactically~*~*~ (retreating).
  6607 | D:8      | Noticed Maurice
  6615 | D:8      | Killed Maurice
  6950 | D:8      | 6950 ||| PLANNING LAIR
  6950 | D:8      | 6950 ||| UPGRADING to +0 cloak.
  6959 | Lair:1   | Entered Level 1 of the Lair of Beasts
  6960 | Lair:1   | 6960 ||| PLANNING GAUNTLET
  6970 | Lair:1   | 6970 ||| RETREEAATING.
  6978 | Lair:1   | 6978 ||| Stepping ~*~*~tactically~*~*~ (retreating).
  6979 | Lair:1   | 6979 ||| Stepping ~*~*~tactically~*~*~ (retreating).
  6980 | Lair:1   | 6980 ||| Stepping ~*~*~tactically~*~*~ (retreating).
  6981 | Lair:1   | 6981 ||| Stepping ~*~*~tactically~*~*~ (retreating).
  6982 | Lair:1   | 6982 ||| RETREEAATING.
  6983 | Lair:1   | 6983 ||| STILL RETREEAATING.
  7034 | Lair:1   | Reached *** piety under Okawaru
  7046 | Lair:1   | 7046 ||| RETREEAATING.
  7048 | Lair:1   | 7048 ||| Stepping ~*~*~tactically~*~*~ (retreating).
  7052 | Lair:1   | 7052 ||| Stepping ~*~*~tactically~*~*~ (retreating).
  7053 | Lair:1   | 7053 ||| Stepping ~*~*~tactically~*~*~ (retreating).
  7057 | Lair:1   | Reached skill level 12 in Ranged Weapons
  7259 | Lair:1   | Noticed a cane toad
  7261 | Lair:1   | 7261 ||| RETREEAATING.
  7262 | Lair:1   | 7262 ||| Stepping ~*~*~tactically~*~*~ (retreating).
  7263 | Lair:1   | 7263 ||| Stepping ~*~*~tactically~*~*~ (retreating).
  7264 | Lair:1   | 7264 ||| Stepping ~*~*~tactically~*~*~ (retreating).
  7265 | Lair:1   | 7265 ||| Stepping ~*~*~tactically~*~*~ (retreating).
  7266 | Lair:1   | 7266 ||| Stepping ~*~*~tactically~*~*~ (retreating).
  7271 | Lair:1   | Killed a cane toad
  7271 | Lair:1   | Reached **** piety under Okawaru
  7300 | Lair:1   | Noticed a black mamba
  7305 | Lair:1   | Killed a black mamba
  7311 | Lair:1   | Found a gate leading to a gauntlet.
  7320 | Gauntlet | Entered a Gauntlet
  7320 | Gauntlet | Found a transporter.
  7320 | Gauntlet | Found a transporter.
  7320 | Gauntlet | Found a transporter.
  7323 | Gauntlet | Found a transporter.
  7324 | Gauntlet | Found a transporter.
  7324 | Gauntlet | Found a transporter.
  7326 | Gauntlet | Found a large runed translucent door.
  7327 | Gauntlet | Found a large runed translucent door.
  7328 | Gauntlet | Found a large runed translucent door.
  7328 | Gauntlet | Found a large runed translucent door.
  7328 | Gauntlet | Found a runed translucent door.
  7328 | Gauntlet | Found a runed translucent door.
  7329 | Gauntlet | Found a large runed translucent door.
  7329 | Gauntlet | Found a large runed translucent door.
  7329 | Gauntlet | Found a large runed translucent door.
  7329 | Gauntlet | Found a large runed translucent door.
  7330 | Gauntlet | Found a large runed translucent door.
  7330 | Gauntlet | Found a large runed translucent door.
  7331 | Gauntlet | Found a large runed translucent door.
  7331 | Gauntlet | Found a large runed translucent door.
  7332 | Gauntlet | Found a runed translucent gate.
  7332 | Gauntlet | Found a runed translucent gate.
  7332 | Gauntlet | Found a runed translucent gate.
  7332 | Gauntlet | Noticed a death scarab
  7334 | Gauntlet | Found a transporter.
  7337 | Gauntlet | Noticed a death scarab
  7338 | Gauntlet | Found a transporter.
  7340 | Gauntlet | Noticed a death drake
  7340 | Gauntlet | Noticed a cyan ugly thing
  7341 | Gauntlet | Noticed a glowing orange brain
  7341 | Gauntlet | Noticed a purple ugly thing
  7350 | Gauntlet | Found a transporter.
  7380 | Gauntlet | Found a large runed translucent door.
  7380 | Gauntlet | Found a large runed translucent door.
  7383 | Gauntlet | Found a large runed translucent door.
  7383 | Gauntlet | Found a large runed translucent door.
  7449 | Gauntlet | Noticed an obsidian statue
  7450 | Gauntlet | Found a transporter.
  7454 | Gauntlet | Found a transporter.
  7464 | Gauntlet | Found a transporter.
  7516 | Gauntlet | 7516 ||| Stepping ~*~*~tactically~*~*~ (retreating).
  7517 | Gauntlet | 7517 ||| Stepping ~*~*~tactically~*~*~ (retreating).
  7521 | Gauntlet | Reached XP level 11. HP: 69/69 MP: 14/14
  7526 | Gauntlet | Reached skill level 13 in Ranged Weapons
  7633 | Gauntlet | Noticed a sixfirhy
  7661 | Gauntlet | 7661 ||| Stepping randomly (stuck).
  7662 | Gauntlet | 7662 ||| Stepping randomly (stuck).
  7662 | Gauntlet | HP: 15/69 [neqoxec/psychic fangs[an obsidian statue] (4)]
  7663 | Gauntlet | 7663 ||| Stepping randomly (stuck).
  7666 | Gauntlet | HP: 1/69 [neqoxec/psychic fangs[an obsidian statue] (7)]
  7670 | Gauntlet | 7670 ||| Stepping ~*~*~tactically~*~*~ (retreating).
  7670 | Gauntlet | Mangled by a neqoxec

Levels and vault maps discovered:
D:1:      dpeg_arrival_shelter, layout_basic, moated_statue, minivault_5
D:2:      layout_rooms, serial_shops, shop
D:3:      layout_basic, general_overflow_altar, marbit_many_paths,
          saegor_snake_ambush
D:4:      layout_basic, chequers_ossuary_entry_cave, eino_tiny_chamber,
          nicolae_half_adder
D:5:      layout_basic, uniq_pikel
D:6:      layout_loops_cross, mainiacjoe_overflow_24_doors,
          mainiacjoe_overflow_two_lobes, uniq_blork_the_orc
D:7:      layout_basic, bloody_makhleb, minmay_temple_entry_mini_moons
D:8:      layout_loops_ring, david_lair_shrubbed, serial_bayou,
          serial_bayou_pond_e, serial_bayou_pond_c, serial_bayou_crossing,
          serial_bayou_shore_a, nicolae_twisty_statue_hallways, uniq_maurice
Lair:1:   layout_gridlike, gauntlet_entry_generic, serial_bayou_pond_b,
          infiniplex_staircase_pool_2
Gauntlet: gammafunk_gauntlet_hard_choice [gammafunk_gauntlet_arena_arrow_garden,
          nicolae_gauntlet_arena_t_cross, gammafunk_gauntlet_arena_open,
          minmay_gauntlet_arena_make_your_own_arena,
          nicolae_gauntlet_arena_quarters, nicolae_gauntlet_swirl,
          gauntlet_exit_green]

Skill      XL: |  1  2  3  4  5  6  7  8  9 10 11 |
---------------+----------------------------------+-----
Ranged Weapons | 5 6 7 8 9 11 12 13 | 13.0
Armour         | 1 2 3 4 |  4.3
Fighting       | 3 4 7 8 |  8.8
Dodging        | 2 3 4 |  4.1
Invocations    | 4 5 |  5.1
Stealth        | |  1.1

Action                     |  1- 3 |  4- 6 |  7- 9 | 10-12 || total
---------------------------+-------+-------+-------+-------++-------
   Fire: Shortbow          |    99 |   198 |   119 |       ||   416
         Orcbow            |       |       |   112 |   134 ||   246
    Use: Scroll            |     9 |     7 |     7 |       ||    23
         Potion            |       |       |     1 |       ||     1
 Armour: Leather armour    |    11 |       |       |       ||    11
         Ring mail         |     3 |    66 |    71 |    81 ||   221
  Dodge: Dodged            |    15 |    58 |    52 |   149 ||   274
  Block: Other             |       |     1 |    21 |    31 ||    53

Table legend:
 A = Non-vault XP
 B = Vault XP
 C = Vault XP percentage of total XP
 D = Non-vault monster count
 E = Vault monster count
 F = Vault count percentage of total count
                 A         B        C        D         E       F
            +---------+---------+-------+---------+---------+-------
      Total |    7404 |    2415 |  24.6 |     146 |      40 |  21.5
            +---------+---------+-------+---------+---------+-------
        D:1 |      26 |       0 |   0.0 |      15 |       0 |   0.0
        D:2 |      47 |       0 |   0.0 |      16 |       0 |   0.0
        D:3 |      92 |      42 |  31.3 |      12 |       5 |  29.4
        D:4 |     284 |      56 |  16.5 |      21 |       4 |  16.0
        D:5 |     353 |     629 |  64.1 |      19 |       1 |   5.0
        D:6 |     885 |      94 |   9.6 |      14 |       1 |   6.7
        D:7 |     789 |       0 |   0.0 |      10 |       0 |   0.0
        D:8 |    1273 |     952 |  42.8 |      23 |       3 |  11.5
     Lair:1 |    3655 |       0 |   0.0 |      16 |       0 |   0.0
    Ossuary |       0 |      20 | 100.0 |       0 |      20 | 100.0
   Gauntlet |       0 |     622 | 100.0 |       0 |       6 | 100.0
            +---------+---------+-------+---------+---------+-------
